TOP OF THE 1ST |
Chicago Cubs batting - Pitching for Los Angeles Dodgers : RHP Justin Scheithauer
|
Pitching: RHP Justin Scheithauer
|
|
Batting: RHB Yasuhide Kasahara
|
0-0: Ball 1-0: Ground out 6-3 (Groundball, 6, EV 83.8 MPH)
|
Batting: LHB Kevin Norton
|
0-0: Ball 1-0: Called Strike 1-1: Ball 2-1: Ball 3-1: Called Strike 3-2: Strikes out swinging
|
Batting: RHB Efrain Vargas
|
0-0: Ball 1-0: Ball 2-0: Fly out, F9 (Flyball, 89S, EV 90.0 MPH)
|
Top of the 1st over - 0 runs, 0 hits, 0 errors, 0 left on base; Chicago 0 - Los Angeles 0 |
BOTTOM OF THE 1ST |
Los Angeles Dodgers batting - Pitching for Chicago Cubs : RHP Chris Ishii
|
Pitching: RHP Chris Ishii
|
|
Batting: SHB Joel Baker
|
0-0: Ball 1-0: Called Strike 1-1: Fly out, F6 (Flyball, 6MD, EV 96.9 MPH)
|
Batting: LHB Chris Ringwood
|
0-0: Ball 1-0: Foul Ball, location: 2F 1-1: Hit by Pitch
|
Batting: LHB Bob Branham
|
0-0: Called Strike Chris Ringwood is caught stealing 2nd base 2-6 0-1: Ball 1-1: Ball 2-1: Ground out 6-3 (Groundball, 6, EV 101.9 MPH)
|
Bottom of the 1st over - 0 runs, 0 hits, 0 errors, 0 left on base; Chicago 0 - Los Angeles 0 |
TOP OF THE 2ND |
Chicago Cubs batting - Pitching for Los Angeles Dodgers : RHP Justin Scheithauer
|
Batting: RHB Kaeo Zirpoli
|
0-0: Foul Ball, location: 2F 0-1: Foul Ball, location: 2F 0-2: DOUBLE (Line Drive, 89XD, EV 106.9 MPH)
|
Batting: RHB Josh Kalman
|
0-0: Called Strike 0-1: Called Strike 0-2: Foul Ball, location: 2F 0-2: Strikes out swinging
|
Batting: RHB Elijah Campbell
|
0-0: Called Strike 0-1: Ball 1-1: Ball 2-1: Fly out, F9 (Line Drive, 9D, EV 99.4 MPH) Runner from 2nd tags up, SAFE at 3rd, no throw by RF
|
Batting: RHB Will Leslie
|
0-0: Swinging Strike 0-1: Ball 1-1: Swinging Strike 1-2: Strikes out swinging
|
Top of the 2nd over - 0 runs, 1 hit, 0 errors, 1 left on base; Chicago 0 - Los Angeles 0 |
BOTTOM OF THE 2ND |
Los Angeles Dodgers batting - Pitching for Chicago Cubs : RHP Chris Ishii
|
Batting: LHB Lirak Bazhunaishvili
|
0-0: Ball 1-0: Ball 2-0: Foul Ball, location: 2F 2-1: Called Strike 2-2: Ball 3-2: Strikes out looking
|
Batting: RHB Clay Buchanan
|
0-0: Ball 1-0: Called Strike 1-1: Called Strike 1-2: Ball 2-2: Strikes out looking
|
Batting: RHB Jorge Severiano
|
0-0: Called Strike 0-1: Ball 1-1: Foul Ball, location: 2F 1-2: Foul Ball, location: 2F 1-2: Ball 2-2: Ball 3-2: Strikes out looking
|
Bottom of the 2nd over - 0 runs, 0 hits, 0 errors, 0 left on base; Chicago 0 - Los Angeles 0 |
TOP OF THE 3RD |
Chicago Cubs batting - Pitching for Los Angeles Dodgers : RHP Justin Scheithauer
|
Batting: RHB Steve Bui
|
0-0: Swinging Strike 0-1: Ball 1-1: Ball 2-1: Foul Ball, location: 2F 2-2: Ground out 4-3 (Groundball, 4, EV 91.2 MPH)
|
Batting: RHB Jamie Ogilvie
|
0-0: Foul Ball, location: 2F 0-1: Foul Ball, location: 2F 0-2: Foul Ball, location: 2F 0-2: Ball 1-2: Ball 2-2: Ball 3-2: Strikes out swinging
|
Batting: RHB Yasuhide Kasahara
|
0-0: Swinging Strike 0-1: Ball 1-1: Swinging Strike 1-2: Foul Ball, location: 2F 1-2: Ball 2-2: SINGLE (Popup, 3D, EV 46.2 MPH)
|
Batting: LHB Kevin Norton
|
0-0: Ball 1-0: SINGLE (Groundball, 25, EV 71.2 MPH) (infield hit) Yasuhide Kasahara to second
|
Batting: RHB Efrain Vargas
|
0-0: Ball 1-0: Ball 2-0: Called Strike 2-1: Swinging Strike 2-2: Strikes out looking
|
Top of the 3rd over - 0 runs, 2 hits, 0 errors, 2 left on base; Chicago 0 - Los Angeles 0 |
BOTTOM OF THE 3RD |
Los Angeles Dodgers batting - Pitching for Chicago Cubs : RHP Chris Ishii
|
Batting: LHB Ryan Taylor
|
0-0: Called Strike 0-1: Ball 1-1: Called Strike 1-2: DOUBLE (Flyball, 8LXD, EV 114.4 MPH)
|
Batting: RHB Tsutomu Irie
|
0-0: Called Strike 0-1: Ground out 6-3 (Groundball, 6, EV 100.6 MPH)
|
Batting: LHB Dalton Silveira
|
0-0: Swinging Strike 0-1: Called Strike Ryan Taylor steals 3rd base 0-2: Ball Wild Pitch! Ryan Taylor scores 1-2: Foul Ball, location: 2F 1-2: Strikes out swinging
|
Batting: SHB Joel Baker
|
0-0: Called Strike 0-1: Called Strike 0-2: Strikes out swinging, 2-3 out at first.
|
Bottom of the 3rd over - 1 run, 1 hit, 0 errors, 0 left on base; Chicago 0 - Los Angeles 1 |
TOP OF THE 4TH |
Chicago Cubs batting - Pitching for Los Angeles Dodgers : RHP Justin Scheithauer
|
Batting: RHB Kaeo Zirpoli
|
0-0: Called Strike 0-1: Ball 1-1: Ball 2-1: Foul Ball, location: 2F 2-2: Ball 3-2: Foul Ball, location: 2F 3-2: Ground out 4-3 (Groundball, 4, EV 86.9 MPH)
|
Batting: RHB Josh Kalman
|
0-0: Called Strike 0-1: Ball 1-1: Ball 2-1: Ball 3-1: Foul Ball, location: 2F 3-2: Base on Balls
|
Batting: RHB Elijah Campbell
|
0-0: Grounds into double play, 6-4-3 (Groundball, 56, EV 77.5 MPH)
|
Top of the 4th over - 0 runs, 0 hits, 0 errors, 0 left on base; Chicago 0 - Los Angeles 1 |
BOTTOM OF THE 4TH |
Los Angeles Dodgers batting - Pitching for Chicago Cubs : RHP Chris Ishii
|
Batting: LHB Chris Ringwood
|
0-0: Ball 1-0: Ball 2-0: Called Strike 2-1: Ball 3-1: Base on Balls
|
Batting: LHB Bob Branham
|
0-0: Ball 1-0: Ball Chris Ringwood steals 2nd base 2-0: Called Strike 2-1: Ball 3-1: Base on Balls
|
Batting: LHB Lirak Bazhunaishvili
|
0-0: Called Strike 0-1: Called Strike 0-2: Strikes out looking
|
Batting: RHB Clay Buchanan
|
0-0: Called Strike 0-1: Ball 1-1: Foul Ball, location: 2F 1-2: Foul Ball, location: 2F 1-2: Foul Ball, location: 2F 1-2: Ball 2-2: Grounds into double play, 6-4-3 (Groundball, 6M, EV 106.9 MPH)
|
Bottom of the 4th over - 0 runs, 0 hits, 0 errors, 1 left on base; Chicago 0 - Los Angeles 1 |
TOP OF THE 5TH |
Chicago Cubs batting - Pitching for Los Angeles Dodgers : RHP Justin Scheithauer
|
Batting: RHB Will Leslie
|
0-0: Called Strike 0-1: Ball 1-1: Swinging Strike 1-2: Ground out U3 (Groundball, 3L, EV 110.0 MPH)
|
Batting: RHB Steve Bui
|
0-0: Called Strike 0-1: Foul Ball, location: 2F 0-2: Foul Ball, location: 2F 0-2: Ball 1-2: Ground out 6-3 (Groundball, 6, EV 84.4 MPH)
|
Batting: RHB Jamie Ogilvie
|
0-0: Called Strike 0-1: Swinging Strike 0-2: Fly out, F7 (Flyball, 7LM, EV 86.2 MPH)
|
Top of the 5th over - 0 runs, 0 hits, 0 errors, 0 left on base; Chicago 0 - Los Angeles 1 |
BOTTOM OF THE 5TH |
Los Angeles Dodgers batting - Pitching for Chicago Cubs : RHP Chris Ishii
|
Batting: RHB Jorge Severiano
|
0-0: Swinging Strike 0-1: Ball 1-1: Ball 2-1: Fly out, F8 (Line Drive, 8LD, EV 85.0 MPH)
|
Batting: LHB Ryan Taylor
|
0-0: Ground out 4-3 (Groundball, 4, EV 99.4 MPH)
|
Batting: RHB Tsutomu Irie
|
0-0: Ball 1-0: Foul Ball, location: 2F 1-1: Ball 2-1: Ball 3-1: Ground out 4-3 (Groundball, 4, EV 91.2 MPH)
|
Bottom of the 5th over - 0 runs, 0 hits, 0 errors, 0 left on base; Chicago 0 - Los Angeles 1 |
TOP OF THE 6TH |
Chicago Cubs batting - Pitching for Los Angeles Dodgers : RHP Justin Scheithauer
|
Batting: RHB Yasuhide Kasahara
|
0-0: Ground out 5-3 (Groundball, 56, EV 93.8 MPH)
|
Batting: LHB Kevin Norton
|
0-0: TRIPLE (Flyball, 89XD, EV 108.8 MPH)
|
Batting: RHB Efrain Vargas
|
0-0: Ball 1-0: Ball 2-0: Ball 3-0: Base on Balls
|
Batting: RHB Kaeo Zirpoli
|
0-0: Ball 1-0: SINGLE (Line Drive, 56D, EV 106.2 MPH) Kevin Norton scores Efrain Vargas to second
|
Batting: RHB Josh Kalman
|
0-0: Ball 1-0: Called Strike 1-1: Grounds into double play, 6-4-3 (Groundball, 6M, EV 103.1 MPH)
|
Top of the 6th over - 1 run, 2 hits, 0 errors, 1 left on base; Chicago 1 - Los Angeles 1 |
BOTTOM OF THE 6TH |
Los Angeles Dodgers batting - Pitching for Chicago Cubs : RHP Chris Ishii
|
Batting: LHB Dalton Silveira
|
0-0: SOLO HOME RUN (Flyball, 9LD, EV 98.8 MPH), Distance : 376 ft
|
Batting: SHB Joel Baker
|
0-0: Foul Ball, location: 2F 0-1: Ball 1-1: Ground out U3 (Groundball, 34, EV 83.8 MPH)
|
Batting: LHB Chris Ringwood
|
0-0: Foul Ball, location: 2F 0-1: Ball 1-1: Ball 2-1: Ground out 4-3 (Groundball, 34D, EV 85.6 MPH)
|
Batting: LHB Bob Branham
|
0-0: Called Strike 0-1: Ground out 2-3 (Groundball, 2L, EV 68.8 MPH)
|
Bottom of the 6th over - 1 run, 1 hit, 0 errors, 0 left on base; Chicago 1 - Los Angeles 2 |
TOP OF THE 7TH |
Chicago Cubs batting - Pitching for Los Angeles Dodgers : RHP Justin Scheithauer
|
Batting: RHB Elijah Campbell
|
0-0: Ball 1-0: Ball 2-0: Ground out 4-3 (Groundball, 4, EV 108.8 MPH)
|
Batting: RHB Will Leslie
|
0-0: Swinging Strike 0-1: Swinging Strike 0-2: Ball 1-2: Strikes out swinging
|
Batting: RHB Steve Bui
|
0-0: Ball 1-0: Called Strike 1-1: Foul Ball, location: 2F 1-2: Fly out, F8 (Flyball, 78D, EV 97.5 MPH)
|
Top of the 7th over - 0 runs, 0 hits, 0 errors, 0 left on base; Chicago 1 - Los Angeles 2 |
BOTTOM OF THE 7TH |
Los Angeles Dodgers batting - Pitching for Chicago Cubs : RHP Chris Ishii
|
Batting: LHB Lirak Bazhunaishvili
|
0-0: Called Strike 0-1: Ball 1-1: Ball 2-1: Foul Ball, location: 2F 2-2: Ball 3-2: Foul Ball, location: 2F 3-2: Foul Ball, location: 2F 3-2: Base on Balls
|
Batting: RHB Clay Buchanan
|
0-0: Swinging Strike 0-1: Ball 1-1: Swinging Strike 1-2: Ball Pickoff Throw to First - Out! 1-3 2-2: Foul Ball, location: 2F 2-2: Strikes out looking
|
Pitching: RHP Tony Ramirez
|
|
Batting: RHB Jorge Severiano
|
0-0: Hit by Pitch
|
Batting: LHB Ryan Taylor
|
0-0: Called Strike Jorge Severiano steals 2nd base 0-1: Ball 1-1: TRIPLE (Flyball, 78XD, EV 99.4 MPH) Jorge Severiano scores
|
Batting: RHB Tsutomu Irie
|
0-0: Ball 1-0: Ball 2-0: Ball 3-0: Base on Balls
|
Batting: LHB Dalton Silveira
|
0-0: Called Strike 0-1: Ball 1-1: Swinging Strike 1-2: Ball 2-2: Strikes out looking
|
Bottom of the 7th over - 1 run, 1 hit, 0 errors, 2 left on base; Chicago 1 - Los Angeles 3 |
TOP OF THE 8TH |
Chicago Cubs batting - Pitching for Los Angeles Dodgers : RHP Justin Scheithauer
|
Batting: RHB Jamie Ogilvie
|
0-0: Called Strike 0-1: Ground out 5-3 (Groundball, 56S, EV 85.6 MPH)
|
Pitching: LHP Gabe Reyes
|
|
Batting: RHB Yasuhide Kasahara
|
0-0: Ground out U3 (Groundball, 3S, EV 93.1 MPH)
|
Batting: LHB Kevin Norton
|
0-0: Fly out, F6 (Flyball, 6D, EV 93.8 MPH)
|
Top of the 8th over - 0 runs, 0 hits, 0 errors, 0 left on base; Chicago 1 - Los Angeles 3 |
BOTTOM OF THE 8TH |
Los Angeles Dodgers batting - Pitching for Chicago Cubs : RHP Tony Ramirez
|
Pitching: RHP Eric Oakes
|
|
Batting: SHB Joel Baker
|
0-0: Called Strike 0-1: Ball 1-1: Fly out, F8 (Flyball, 8RS, EV 92.5 MPH)
|
Batting: LHB Chris Ringwood
|
0-0: Ball 1-0: Foul Ball, location: 2F 1-1: Ground out 4-3 (Groundball, 4, EV 91.9 MPH)
|
Batting: LHB Bob Branham
|
0-0: Ball 1-0: SINGLE (Groundball, 4MD, EV 98.8 MPH)
|
Batting: LHB Lirak Bazhunaishvili
|
0-0: Ball 1-0: Swinging Strike 1-1: Ball 2-1: Ball 3-1: Foul Ball, location: 2F 3-2: DOUBLE (Line Drive, 7LD, EV 109.4 MPH) Bob Branham to third Bob Branham scores
|
Batting: RHB Clay Buchanan
|
0-0: Called Strike 0-1: Called Strike 0-2: Fly out, F4 (Popup, 34D, EV 64.4 MPH)
|
Bottom of the 8th over - 1 run, 2 hits, 0 errors, 1 left on base; Chicago 1 - Los Angeles 4 |
TOP OF THE 9TH |
Chicago Cubs batting - Pitching for Los Angeles Dodgers : LHP Gabe Reyes
|
Pitching: RHP Chut-sai Teoh
|
|
Batting: RHB Efrain Vargas
|
0-0: SOLO HOME RUN (Flyball, 9LD, EV 95.0 MPH), Distance : 337 ft
|
Batting: RHB Kaeo Zirpoli
|
0-0: Foul Ball, location: 2F 0-1: Foul Ball, location: 2F 0-2: Ball 1-2: Foul Ball, location: 2F 1-2: Ball 2-2: Ground out 1-3 (Groundball, 15S, EV 71.9 MPH)
|
Batting: RHB Josh Kalman
|
0-0: SINGLE (Groundball, 6D, EV 100.6 MPH)
|
Batting: RHB Elijah Campbell
|
0-0: Ball 1-0: Ball 2-0: Fielders Choice at 2nd, 4-6 (Groundball, 4, EV 86.9 MPH)
|
Batting: RHB Will Leslie
|
0-0: Called Strike 0-1: Ball 1-1: Ball 2-1: SINGLE (Groundball, 4S, EV 67.5 MPH) (infield hit) Elijah Campbell to second
|
Batting: RHB Steve Bui
|
0-0: Foul Ball, location: 2F 0-1: Fly out, F8 (Line Drive, 8LD, EV 88.1 MPH)
|
Top of the 9th over - 1 run, 3 hits, 0 errors, 2 left on base; Chicago 2 - Los Angeles 4 |
|